AoeStats
← CocoVasile

Arabia

506032186Analyzed
1v1 RM · 21d ago on Sep 12, 2026· 28m 33s· 2 players
Game mode
Random Map
Map size
Tiny (2 player)
Population
200
Speed
Normal
Resources
Standard
Victory
Conquest
Starting age
Dark Age
Ending age
Imperial Age
RankedLock teamsTeams togetherTeam positionsShared explorationLock speedFull tech treeHidden civsTurbo modeCheats
Victory
Defeat
🇨🇳 Mongols · China
965
+15
🇺🇸 Gurjaras · United States
935
-15
CocoVasile
10:08 Feudal Age
11:16 Man-at-Arms
22:05 Fletching
23:36 Wheelbarrow
23:12 Arson
ynynyn532
6:40 Loom
9:17 Feudal Age
9:50 Double-Bit Axe
10:19 Man-at-Arms
10:45 Horse Collar
15:49 Fletching
16:52 Wheelbarrow
20:31 Castle Age
20:15 Gold Mining
21:12 Scale Barding Armor
21:17 Forging
21:33 Bloodlines
21:43 Bow Saw
22:26 Crossbowman
25:52 Heavy Plow
28:09 Bodkin Arrow
Connection lost

Rejoining the realm…

Still unreachable

The connection could not be restored.

Session expired

The server has moved on; the page needs a fresh start.